 Dungeon Crawl Stone Soup version 0.29-a0-284-gf9362112df (webtiles) character file.

Game seed: 16919170743024825415

700 holysushi the Skirmisher (level 7, 0/57 HPs)
             Began as a Demonspawn Abyssal Knight on Mar 20, 2022.
             Was an Elder of Lugonu.
             Succumbed to an orc wizard's poison
             ... on level 5 of the Dungeon.
             The game lasted 00:12:12 (5433 turns).

holysushi the Skirmisher (DsAK)                     Turns: 5433, Time: 00:12:12

Health: 0/57       AC: 11    Str: 14 (15) XL:     7   Next: 38%
Magic:  8/8        EV:  7    Int: 10 (12) God:    Lugonu [****..]
Gold:   174        SH:  0    Dex: 12 (15) Spells: 6/6 levels left

rFire   . . .      SeeInvis .   p - +0 hand axe
rCold   . . .      Faith    .   (no shield)
rNeg    . . .      Spirit   .   d - +0 chain mail
rPois   .          Reflect  .   (helmet restricted)
rElec   .          Harm     .   g - +2 cloak
rCorr   .          Rampage  .   (no gloves)
Will    .....                   (no boots)
Stlth   ..........              (no amulet)
HPRegen 0.19/turn               (no ring)
MPRegen 0.11/turn               (no ring)

@: lethally poisoned (0 -> -16), flying
A: hooves 2, powered by death 2, condensation shield, beak, thin skeletal
structure 1
a: Renounce Religion, Depart the Abyss, Bend Space, Banish, Corrupt


You were on level 5 of the Dungeon.
You worshipped Lugonu.
Lugonu was greatly pleased with you.
You visited 1 branch of the dungeon, and saw 5 of its levels.
You visited the Abyss 1 time.

You collected 174 gold pieces.

Inventory:

Hand Weapons
 a - a +1 falchion
 f - a +0 dagger
 p - a +0 hand axe (weapon)
Armour
 b - a +0 leather armour
 d - a +0 chain mail (worn)
 g - a +2 cloak (worn)
 l - a +1 cloak of preservation
 m - the +0 helmet "Neduroam" {rPois rF+++ Str-4 Stlth+}
   (You found it on level 2 of the Dungeon)

   Str:       It affects your strength (-4).
   rF:        It renders you almost immune to fire.
   rPois:     It protects you from poison.
   Stlth:     It makes you more stealthy.
 n - a +0 helmet
Wands
 i - a wand of paralysis (9)
 j - a wand of flame (7)
Scrolls
 c - a scroll of fear
 h - a scroll of enchant armour
Potions
 q - 2 potions of cancellation


   Skills:
 - Level 5.9 Fighting
 - Level 2.5 Long Blades
 + Level 3.0 Axes
 + Level 2.0 Armour
 + Level 4.1 Dodging
 - Level 2.4 Invocations


You had 6 spell levels left.
You didn't know any spells.
Your spell library contained the following spells:

 Spells                   Type           Power      Damage    Failure   Level
 Animate Skeleton         Necr           0%         N/A       100%        1
 Pain                     Necr           0%         1d4       100%        1
 Corpse Rot               Necr/Air       0%         N/A       100%        2
 Poisonous Vapours        Pois/Air       0%         N/A       100%        2
 Vampiric Draining        Necr           0%         2d6       100%        3


Dungeon Overview and Level Annotations

Branches:
Dungeon (5/15)
 Temple: D:4-7

Altars:
Dithmenos
Makhleb
Qazlal

Annotations:
D:3 1 runed translucent door, exclusion: door, Crazy Yiuf
D:4 2 transporters, YayAnonymity's ghost, novice DjCj


Innate Abilities, Weirdness & Mutations

You have hoof-like feet.
You regenerate health from kills.
A meltable shield of frost defends you. (SH +0)
You have a beak for a mouth.
You have a somewhat thin skeletal structure. (Dex +2, Stealth+)


Message History

You feel very sick. Something completely misses you.
Unknown command.
You bump into the stone wall.
You feel sick. Something hits you but does no damage.
You are more poisoned.
You hit something but do no damage. Your peck misses something.
* * * LOW HITPOINT WARNING * * *
You feel very sick. Something hits you.
* * * LOW HITPOINT WARNING * * *
Unknown command.
You feel less confused.
* * * LOW HITPOINT WARNING * * *
You feel sick.
* * * LOW HITPOINT WARNING * * *
You feel very sick.
You feel better. Something hits you but does no damage.
You are poisoned.
Something hits you.
* * * LOW HITPOINT WARNING * * *
You are lethally poisoned!
* * * LOW HITPOINT WARNING * * *
You feel very sick.
You hear some strange, mumbled words.
Something tries to affect you, but you resist.
It was a potion of degeneration.
There was something very wrong with that liquid.
You feel weakened.
You feel dopey.
You feel clumsy.
* * * LOW HITPOINT WARNING * * *
You feel very sick.
It was a potion of flight.
You feel very buoyant.
You fly up into the air.
* * * LOW HITPOINT WARNING * * *
You feel sick. Something hits you but does no damage.
You are more poisoned.
As you read the scroll labelled TOOTOUP DEACZOUCS, it crumbles to dust.
Wisps of shadow whirl around you...
It was a scroll of summoning.
You die...

...#..######..#....######
...#...#......#.....##
...#...#.......>.....#
...#...'.....#.......#
...######...##.......#
##.. #...##.#..)#.# .# .
#...##...)...# .+
#...##..{....# .#
#...##.#@..#.# .#
#...##nl.h...# .#
#...##.......# .#
#...##.#...#.# .#
#.......# .# #.......#
#.#...#.# #.......#


You could see a friendly black bear (summoned, wandering), a friendly necrophage
(summoned, wandering) and a friendly iguana (summoned, wandering).

Vanquished Creatures
  Pargi (D:3)
  A phantom (D:4)
  4 scorpions
  2 orc priests (D:5)
  A hound (D:4)
  A jelly (D:4)
  An iguana (D:5)
  An orc wizard (D:5)
  A gnoll (D:4)
  An adder (D:2)
  A white imp (D:5)
  2 dart slugs (D:1)
  9 orcs
  10 ball pythons
  7 endoplasms
  A giant cockroach (D:2)
  5 goblins
  10 hobgoblins
  3 jackals (D:4)
  15 kobolds
  6 quokkas
  4 bats
  3 frilled lizards
  5 rats
95 creatures vanquished.

Vanquished Creatures (others)
  2 fungi (D:3)
2 creatures vanquished.

Grand Total: 97 creatures vanquished

Notes
Turn   | Place    | Note
-------+----------+-------------------------------------------
     0 | Abyss:1  | holysushi the Demonspawn Abyssal Knight began the quest for
                  | the Orb.
     0 | Abyss:1  | Reached XP level 1. HP: 18/18 MP: 2/2
    14 | Abyss:1  | Found a corrupted altar of Lugonu.
    24 | Abyss:1  | Noticed a large abomination
    28 | Abyss:1  | Noticed a large abomination
    36 | Abyss:1  | Noticed a neqoxec
    41 | D:1      | Escaped the Abyss
   142 | D:1      | Found a faded altar of an unknown god.
   145 | D:1      | Reached ** piety under Lugonu
   243 | D:1      | Gained mutation: You regenerate a little health from kills.
                  | [demonic ancestry]
   243 | D:1      | Reached XP level 2. HP: 24/24 MP: 3/3
   723 | D:1      | Gained mutation: A meltable shield of frost defends you.
                  | (SH +0) [demonic ancestry]
   723 | D:1      | Reached XP level 3. HP: 28/30 MP: 4/4
  1057 | D:2      | Reached skill level 1 in Dodging
  1185 | D:2      | Reached skill level 4 in Fighting
  1199 | D:2      | Reached *** piety under Lugonu
  1372 | D:2      | Identified the +0 helmet "Neduroam" {rPois rF+++ Str-4
                  | Stlth+}
  1724 | D:3      | Reached XP level 4. HP: 37/37 MP: 5/5
  1728 | D:3      | Noticed Pargi
  1756 | D:3      | Gained mutation: You have a somewhat thin skeletal
                  | structure. (Dex +2, Stealth+) [potion of mutation]
  1756 | D:3      | Gained mutation: You have a beak for a mouth. [potion of
                  | mutation]
  1760 | D:3      | Killed Pargi
  1761 | D:3      | Gained mutation: You regenerate health from kills. [demonic
                  | ancestry]
  1761 | D:3      | Reached XP level 5. HP: 12/43 MP: 6/6
  2097 | D:3      | Found a shadowy altar of Dithmenos.
  2173 | D:3      | Found a stormy altar of Qazlal.
  2503 | D:3      | Found a runed translucent door.
  2504 | D:3      | Noticed Crazy Yiuf
  2593 | D:4      | Reached skill level 5 in Fighting
  2713 | D:4      | Gained mutation: You have large cloven feet. [demonic
                  | ancestry]
  2713 | D:4      | Reached XP level 6. HP: 52/52 MP: 7/7
  3282 | D:4      | Found a transporter.
  3465 | D:4      | Reached skill level 1 in Axes
  4036 | D:4      | Found a burning altar of Makhleb.
  4112 | D:4      | Noticed YayAnonymity's ghost (novice DjCj)
  4113 | D:4      | Identified the +9 great mace of Raureony {elec, rF- rN++
                  | rCorr Str+2}
  4343 | D:4      | Found a transporter.
  4564 | D:5      | Entered Level 5 of the Dungeon
  4584 | D:5      | Noticed an ice beast
  4596 | D:4      | Gained mutation: You have hoof-like feet. [demonic
                  | ancestry]
  4596 | D:4      | Reached XP level 7. HP: 32/57 MP: 8/8
  5194 | D:5      | Reached **** piety under Lugonu
  5433 | D:5      | Succumbed to an orc wizard's poison

Illustrated notes

Levels and vault maps discovered:
D:1:      mrwooster_arrival_arrow, layout_basic,
          chequers_ecumenical_altar_simple, serial_glass, glass_columns_b,
          glass_columns_b
D:2:      layout_loops_cross
D:3:      layout_rooms, mainiacjoe_overflow_paths,
          nicolae_dithmenos_the_darkroom, uniq_crazy_yiuf_cottage, uniq_pargi
D:4:      layout_cave_pods, mainiacjoe_overflow_alcove_1, gammafunk_ghost_smash
D:5:      layout_gridville, okawaru_gym_becter, temple_hall

Skill      XL: |  1  2  3  4  5  6  7 |
---------------+----------------------+-----
Long Blades    | 2 |  2.5
Dodging        | 1 2 3 4 |  4.1
Fighting       | 4 5 |  5.9
Axes           | 2 3 |  3.0
Armour         | 2 |  2.0
Invocations    | |  2.4

Action                   |  1- 3 |  4- 6 |  7- 9 || total
-------------------------+-------+-------+-------++-------
Melee: Falchion          |   151 |    84 |       ||   235
       Peck              |       |    29 |     9 ||    38
       Hand axe          |       |    78 |    83 ||   161
       Kick              |       |    23 |    23 ||    46
       Punch             |       |     1 |     1 ||     2
Invok: Depart the Abyss  |     1 |       |       ||     1
  Use: Potion            |       |     4 |     3 ||     7
       Scroll            |       |     8 |     1 ||     9
 Stab: Sleeping          |       |       |     1 ||     1
Armor: Chain mail        |   110 |    96 |    26 ||   232
       Leather armour    |     1 |    18 |    13 ||    32
Dodge: Dodged            |    53 |   110 |    27 ||   190
Block: Other             |    19 |    49 |     6 ||    74

Table legend: (Time is in decaauts)
 A = Elapsed time spent in this place.
 B = Non-inter-level travel time spent in this place.
 C = Inter-level travel time spent in this place.
 D = Time resting spent in this place.
 E = Time spent auto-exploring this place.
 F = Levels seen in this place.
 G = Mean time per level.
                   A        B        C        D        E       F      G
               +--------+--------+--------+--------+--------+-----+--------+
         Total |   5513 |   5311 |    202 |   1654 |   2275 |   6 |  918.8 |
       Dungeon |   5472 |   5270 |    202 |   1654 |   2275 |   5 | 1094.4 |
         Abyss |     41 |     41 |      0 |      0 |      0 |   1 |   41.0 |
               +--------+--------+--------+--------+--------+-----+--------+

Top non-repeatable levels by time:
     D:4: 1937 daAuts
     D:3: 1214 daAuts
     D:1: 858 daAuts
     D:2: 802 daAuts
     D:5: 658 daAuts
 Abyss:1: 41 daAuts
